 Dungeon Crawl Stone Soup version 0.31-a0-806-g0bc164a743 (webtiles) character file.

Game seed: 4512653333053969127

179252 GordonOverkill the Severer (level 17, 0/148 HPs)
             Began as a Demonspawn Delver on Sept 21, 2023.
             Was the Champion of Makhleb.
             Constricted to death by a nagaraja (4 damage)
             ... on level 4 of the Snake Pit.
             The game lasted 01:05:15 (32926 turns).

GordonOverkill the Severer (Demonspawn Delver)     Turns: 32926, Time: 01:05:15

Health: 0/148      AC: 33    Str: 18    XL:     17   Next: 60%
Magic:  29/29      EV: 14    Int: 14    God:    Makhleb [******]
Gold:   804        SH: 22    Dex: 19    Spells: 16/16 levels left

rFire   . . .        a - +5 broad axe (venom)
rCold   + . .        y - +0 tower shield
rNeg    . . .        Y - +12 chain mail "Yffael" {Will+ Int+2 Stlth+}
rPois   +            k - +2 helmet
rElec   +            (cloak unavailable)
rCorr   .            K - +2 pair of gloves
SInv    .            C - +2 pair of boots {Stlth+}
Will    ++...        n - amulet of reflection
Stlth   ++           Q - ring of protection from fire
HPRegen 0.44/turn    p - ring "Rogha" {Ice rElec rPois}
MPRegen 0.21/turn

%: repel missiles, reflection
@: agile, lethally poisoned (0 -> -7), constricted
A: repulsion field 3, powered by death 2, powered by pain 1, weakness stinger 3,
agile 1, robust 1
a: Renounce Religion, Minor Destruction, Lesser Servant of Makhleb, Major
Destruction, Greater Servant of Makhleb


You were on level 4 of the Snake Pit.
You worshipped Makhleb.
Makhleb was exalted by your worship.
You visited 4 branches of the dungeon, and saw 26 of its levels.

You collected 3154 gold pieces.
You spent 2350 gold pieces at shops.

Inventory:

Hand Weapons
 a - a +5 broad axe of venom (weapon)
 b - a +1 war axe of flaming
 W - a +2 broad axe
Missiles
 h - 23 boomerangs (quivered)
 B - 3 throwing nets
 E - 11 curare-tipped darts
 F - 48 poisoned darts
Armour
 k - a +2 helmet (worn)
 y - a +0 tower shield (worn)
 C - a +2 pair of boots of stealth (worn)
 K - a +2 pair of gloves (worn)
 Y - the +12 chain mail "Yffael" (worn) {Will+ Int+2 Stlth+}
   (You bought it in a shop on level 2 of the Orcish Mines)

   Int+2:     It affects your intelligence (+2).
   Will+:     It increases your willpower.
   Stlth+:    It makes you more stealthy.
Jewellery
 i - an amulet of faith
 n - an amulet of reflection (around neck)
 p - the ring "Rogha" (right hand) {Ice rElec rPois}
   (You bought it in a shop on level 2 of the Orcish Mines)

   [ring of ice]

   Ice:       It enhances your ice magic.
   rF-:       It makes you vulnerable to fire.
   rC+:       It protects you from cold.
   rElec:     It insulates you from electricity.
   rPois:     It protects you from poison
 Q - a ring of protection from fire (left hand)
 Z - a ring of fire
Wands
 g - a wand of digging (1)
 l - a wand of mindburst (9)
 r - a wand of flame (35)
 v - a wand of paralysis (9)
 I - a wand of light (15)
 U - a wand of iceblast (3)
Scrolls
 c - 3 scrolls of fog
 d - 7 scrolls of revelation
 e - 4 scrolls of immolation
 m - 2 scrolls of vulnerability
 s - 4 scrolls of silence
 t - 4 scrolls of fear
 u - 12 scrolls of teleportation
 V - a scroll of poison
 X - a scroll of enchant armour
Potions
 f - 5 potions of invisibility
 j - 7 potions of curing
 o - 2 potions of resistance
 q - 8 potions of ambrosia
 w - 3 potions of enlightenment
 x - a potion of degeneration {unknown}
 z - a potion of magic
 A - a potion of brilliance
 D - a potion of mutation
 G - 3 potions of might
 J - 3 potions of haste
 M - a potion of berserk rage
 O - 2 potions of cancellation
 P - 4 potions of lignification
 S - 5 potions of heal wounds


   Skills:
 + Level 12.5 Fighting
 - Level 20.0 Axes
 - Level 2.0 Throwing
 - Level 10.0 Armour
 - Level 5.0 Dodging
 - Level 4.5 Stealth
 - Level 10.0 Shields
 - Level 17.0 Invocations
 - Level 5.0 Evocations


You had 16 spell levels left.
You didn't know any spells.
Your spell library contained the following spells:

 Spells                   Type           Power      Damage    Failure   Level
 Kiss of Death            Conj/Necr      0%         2d5       100%        1
 Magic Dart               Conj           0%         1d3       100%        1
 Shock                    Conj/Air       0%         1d3       100%        1
 Summon Small Mammal      Summ           0%         N/A       100%        1
 Blink                    Tloc           0%         N/A       100%        2
 Lesser Beckoning         Tloc           0%         N/A       100%        2
 Momentum Strike          Conj/Tloc      0%         3d8       100%        2
 Poisonous Vapours        Pois/Air       0%         N/A       100%        2
 Searing Ray              Conj           0%         2d4       100%        2
 Sublimation of Blood     Necr           0%         N/A       100%        2
 Call Canine Familiar     Summ           0%         N/A       100%        3
 Confusing Touch          Hex            0%         N/A       100%        3
 Mephitic Cloud           Conj/Pois/Air  0%         N/A       100%        3
 Ozocubu's Armour         Ice            0%         N/A       100%        3
 Summon Guardian Golem    Hex/Summ       0%         N/A       100%        3
 Swiftness                Air            0%         N/A       100%        3
 Tukima's Dance           Hex            0%         N/A       100%        3
 Airstrike                Air            0%         2d(0-16)  100%        4
 Dimensional Bullseye     Hex/Tloc       0%         N/A       100%        4
 Dispel Undead            Necr           0%         3d6       100%        4
 Fulminant Prism          Conj/Hex       0%         3d5       100%        4
 Iskenderun's Mystic Bla  Conj/Tloc      0%         2d3       100%        4
 Leda's Liquefaction      Hex/Erth       0%         N/A       100%        4
 Manifold Assault         Tloc           0%         N/A       100%        4
 Passage of Golubria      Tloc           0%         N/A       100%        4
 Petrify                  Tmut/Erth      0%         N/A       100%        4
 Freezing Cloud           Conj/Ice/Air   0%         6-21      100%        5
 Irradiate                Conj/Tmut      0%         3d11      100%        5
 Lee's Rapid Deconstruct  Erth           0%         3d4*      100%        5
 Metabolic Englaciation   Hex/Ice        0%         N/A       100%        5
 Silence                  Hex/Air        0%         N/A       100%        5
 Leda's Unmaking          Conj/Erth      0%         9d1       100%        6
 Simulacrum               Ice/Necr       0%         N/A       100%        6
 Lehudib's Crystal Spear  Conj/Erth      0%         10d2      100%        8


Dungeon Overview and Level Annotations

Branches:
Dungeon (15/15)            Temple (0/1) D:7            Lair (5/5) D:11
 Shoals (0/4) Lair:2        Snake (4/4) Lair:3        Slime (0/5) Lair:4
    Orc (2/2) D:12            Elf (0/3) Orc:2        Vaults (0/5) D:14
 Depths (0/4) D:15

Altars:
Kikubaaqudgha
Makhleb
Nemelex Xobeh
Okawaru
Qazlal
Ru
Sif Muna
Wu Jian
Xom
Jiyva

Shops:
D:6 ?   D:13 *   Orc:2 =*[=

Annotations:
D:11 4 transporters


Innate Abilities, Weirdness & Mutations

You are surrounded by a strong repulsion field. (EV +4, RMsl)
You regenerate health from kills.
You sometimes gain a little power by taking damage.
You have a sharp stinger which inflicts weakening toxins.
You are agile. (Dex +4, Str/Int -1)
You are robust. (+10% HP)


Message History

The nagaraja seems to speed up.
Your ynoxinul barely misses the nagaraja.
You block the salamander mystic's attack.
You block the nagaraja's attack. The nagaraja grabs you.
The nagaraja constricts you.
* * * LOW HITPOINT WARNING * * *
You closely miss the nagaraja.
The nagaraja is almost dead.
You closely miss the salamander mystic.
You feel sick.
The nagaraja gestures at you while chanting.
The poison arrow hits you!!
You are more poisoned.
You partially resist.
* * * LOW HITPOINT WARNING * * *
You focus on the pain.
You feel agile all of a sudden. The nagaraja constricts you.
* * * LOW HITPOINT WARNING * * *
Your ynoxinul gestures.
You block the salamander mystic's attack.
Okay, then.
Unknown command.
Unknown command.
Unknown command.
You feel better. You block the nagaraja's attack. The nagaraja constricts you.
The nagaraja spits poison at you.
The splash of poison hits you but does no damage.
You are poisoned.
You resist.
Your ynoxinul hits the nagaraja.
The salamander mystic hits you with a +0 quarterstaff!
* * * LOW HITPOINT WARNING * * *
You are engulfed in flames!!
* * * LOW HITPOINT WARNING * * *
Your ufetubus hits the nagaraja but does no damage.
Your ufetubus barely misses the nagaraja.
The nagaraja spits poison at you.
You block the splash of poison... and reflect it back!
The splash of poison hits the nagaraja but does no damage.
The nagaraja constricts you.
You die...

......#†###.#..##..))...#
.##.....# #.#...#).)#...#
.####.### #.....#.)##..N#
.# #.#
###...#.N###.N...N.. ##
#.# #...#..# #....S⌠..
### #.# ##).#..#
#........ ..###.# #55#..#
##.#....8 ......# #53#..#
#####.... ...####
#.N@N.###.# .... ...#
#....##...# ...
##.####### #....#..#.#
.....#...## ##..##..#.#
..........# #####.##.#
##........# ###.##.#
##### ###.......##
#...##.# #...#
..##.......# #...##.#
#...##
..##.......######...##.#
##.....


You could see 2 nagarajas, a salamander mystic (very poisoned), a friendly
ynoxinul (summoned) and 3 friendly ufetubi.

Vanquished Creatures
  Jorgrun (D:14)
  Kirke (D:14)
  Agnes (Snake:3)
  4 nagarajas
  Louise (D:14)
  An orc warlord (Orc:2)
  A stone giant (D:15)
  An ettin (Orc:2)
  A vault guard (D:14)
  5 hydras
  Fannar (Lair:1)
  3 salamander tyrants
  13 anacondas
  2 centaur warriors (D:14)
  2 two-headed ogres (Orc:2)
  3 boulder beetles
  9 naga warriors
  10 death yaks
  6 orc high priests
  2 tengu warriors (D:15)
  Nergalle (Lair:1)
  9 naga sharpshooters
  2 shock serpents
  A skyshark (Lair:4)
  6 salamander mystics
  4 naga ritualists
  5 mana vipers
  4 deep elf pyromancers
  8 orc knights
  7 orc sorcerers
  8 ugly things
  2 wolf spiders (D:10)
  3 manticores
  45 salamanders
  7 cyclopes
  7 elephants (Lair:4)
  2 gargoyles
  8 slime creatures
  5 guardian serpents (Snake:4)
  Joseph (D:7)
  A merfolk siren (Lair:2)
  38 black mambas
  9 cane toads
  14 naga magi
  Maggie (D:7)
  2 kobold demonologists (D:12)
  9 komodo dragons
  2 rime drakes (Lair:5)
  A tengu conjurer (D:15)
  A komodo dragon (shapeshifter) (D:14)
  An efreet (D:9)
  7 trolls
  A freezing wraith (D:14)
  6 meliai (D:13)
  5 polar bears
  A queen bee (D:13)
  8 hornets
  A dream sheep (Lair:5)
  19 blink frogs
  A slime creature (shapeshifter) (D:13)
  A centaur simulacrum (D:14)
  9 wraiths
  3 shadows (D:9)
  11 spriggans (Lair:5)
  6 wyverns
  36 yaks
  A steam dragon (D:9)
  4 basilisks
  A hog (D:14)
  5 redbacks (D:10)
  Menkaure (D:7)
  A harpy simulacrum (D:15)
  6 wargs
  2 acid dragons
  32 nagas
  18 water moccasins
  2 ice beasts
  59 orc warriors
  5 black bears
  17 ogres
  4 boggarts (Lair:5)
  40 wolves
  13 centaurs
  2 kobold brigands
  8 bullfrogs
  3 scorpions
  3 gnoll sergeants
  13 wights
  26 killer bees
  8 howler monkeys
  4 electric eels
  3 lava snakes
  Crazy Yiuf (D:6)
  A jelly (D:6)
  37 orc priests
  7 hounds
  2 gnoll boudas (D:7)
  Jessica (D:3)
  6 iguanas
  20 orc wizards
  3 sleepcaps
  20 gnolls
  19 adders
  2 white imps
  3 ufetubi
  2 dart slugs
  132 orcs
  6 bats
  4 endoplasms
  A giant cockroach (D:1)
  3 goblins
  6 hobgoblins
  12 jackals
  8 quokkas
  5 ball pythons
  7 frilled lizards
  21 kobolds
  4 rats
1011 creatures vanquished.

Vanquished Creatures (collateral kills)
  Aizul (Snake:3)
  3 salamander tyrants
  A boulder beetle (Lair:2)
  An anaconda (Snake:3)
  4 death yaks
  A naga warrior (Snake:3)
  A naga sharpshooter (Snake:3)
  A salamander mystic (Snake:3)
  A slime creature (D:12)
  An orc knight (D:15)
  A naga ritualist (Snake:3)
  A wolf spider (D:10)
  An ugly thing (D:12)
  2 salamanders (Snake:2)
  2 merfolk sirens (Lair:2)
  An elephant (Lair:4)
  A naga mage (Snake:3)
  3 hornets (D:10)
  A merfolk (Lair:2)
  A yak (Lair:2)
  2 redbacks (D:10)
  5 nagas
  A water moccasin (D:10)
  2 orc warriors (D:15)
  A wolf (Lair:5)
  A killer bee (D:10)
  2 orcs (D:15)
43 creatures vanquished.

Vanquished Creatures (others)
  A nagaraja (Snake:3)
  A naga warrior (Snake:2)
  A naga sharpshooter (Snake:3)
  A naga ritualist (Snake:2)
  A deep elf pyromancer (D:13)
  2 humans (D:14)
  2 orc wizards
  2 orcs
11 creatures vanquished.

Grand Total: 1065 creatures vanquished

Notes
Turn   | Place    | Note
-------+----------+-------------------------------------------
     0 | D:5      | GordonOverkill the Demonspawn Delver began the quest for
                  | the Orb.
     0 | D:5      | Reached XP level 1. HP: 18/18 MP: 1/1
    11 | D:6      | Noticed a scorpion
    11 | D:6      | Noticed a jelly
   148 | D:5      | Noticed an iguana
   296 | D:3      | Reached skill level 1 in Throwing
   409 | D:3      | Gained mutation: You regenerate a little health from kills.
                  | [demonic ancestry]
   409 | D:3      | Reached XP level 2. HP: 24/24 MP: 2/2
   451 | D:3      | Reached skill level 2 in Axes
   451 | D:3      | Gained mutation: You regenerate health from kills. [demonic
                  | ancestry]
   451 | D:3      | Reached XP level 3. HP: 17/29 MP: 3/3
   470 | D:4      | Reached skill level 3 in Axes
   470 | D:4      | Gained mutation: You have a small tail. [demonic ancestry]
   470 | D:4      | Reached XP level 4. HP: 25/35 MP: 4/4
  1402 | D:2      | Found a faded altar of an unknown god.
  1504 | D:2      | Reached skill level 4 in Axes
  1575 | D:2      | Gained mutation: You are surrounded by a mild repulsion
                  | field. (EV +2) [demonic ancestry]
  1575 | D:2      | Reached XP level 5. HP: 28/41 MP: 5/5
  1995 | D:3      | Found a sparkling altar of Nemelex Xobeh.
  2304 | D:3      | Noticed Jessica
  2305 | D:3      | Killed Jessica
  2306 | D:3      | Reached skill level 5 in Axes
  2633 | D:4      | Reached skill level 1 in Evocations
  3176 | D:5      | Reached XP level 6. HP: 44/47 MP: 6/6
  3189 | D:5      | Noticed an acid dragon
  3328 | D:5      | Noticed an ice beast
  3333 | D:5      | Noticed a water moccasin
  3415 | D:4      | Killed an ice beast
  3416 | D:4      | Reached skill level 1 in Armour
  3721 | D:5      | Found a sacrificial altar of Ru.
  3854 | D:5      | Gained mutation: You have a tail ending in a sharp stinger.
                  | [demonic ancestry]
  3854 | D:5      | Reached XP level 7. HP: 28/52 MP: 7/7
  3864 | D:5      | Gained mutation: You are agile. (Dex +4, Str/Int -1)
                  | [potion of mutation]
  3864 | D:5      | Gained mutation: You are robust. (+10% HP) [potion of
                  | mutation]
  4180 | D:5      | Reached skill level 5 in Fighting
  4196 | D:5      | Reached skill level 6 in Axes
  4196 | D:5      | Reached XP level 8. HP: 19/68 MP: 8/8
  4569 | D:5      | Found a burning altar of Makhleb.
  4571 | D:5      | Found an ancient bone altar of Kikubaaqudgha.
  4575 | D:5      | Found a shimmering blue altar of Sif Muna.
  4586 | D:5      | Became a worshipper of Makhleb the Destroyer
  4766 | D:6      | Reached skill level 7 in Axes
  4783 | D:6      | Found Enelol's Magic Scroll Boutique.
  4814 | D:6      | Bought a scroll of fear for 40 gold pieces
  4814 | D:6      | Bought a scroll of enchant armour for 75 gold pieces
  4814 | D:6      | Bought a scroll of blinking for 75 gold pieces
  4814 | D:6      | Bought a scroll of fear for 40 gold pieces
  4898 | D:6      | Reached skill level 8 in Axes
  5061 | D:6      | Found a runed translucent door.
  5062 | D:6      | Noticed Crazy Yiuf
  5218 | D:6      | Reached skill level 1 in Invocations
  5523 | D:6      | Killed Crazy Yiuf
  5837 | D:7      | Noticed Menkaure
  5843 | D:7      | Killed Menkaure
  5941 | D:7      | Found an ornate altar of the Wu Jian Council.
  5964 | D:7      | Found a staircase to the Ecumenical Temple.
  6000 | D:7      | Reached * piety under Makhleb
  6079 | D:7      | Reached XP level 9. HP: 74/74 MP: 11/11
  6226 | D:7      | Reached skill level 9 in Axes
  6342 | D:7      | Noticed Joseph
  6356 | D:7      | Killed Joseph
  6521 | D:7      | Noticed Maggie
  6535 | D:7      | Killed Maggie
  6536 | D:7      | Reached skill level 10 in Axes
  6683 | D:8      | Found a shimmering altar of Xom.
  6698 | D:8      | Found a stormy altar of Qazlal.
  6853 | D:8      | Reached skill level 5 in Armour
  6857 | D:8      | Reached ** piety under Makhleb
  8316 | D:9      | Found an iron altar of Okawaru.
  8338 | D:9      | Reached XP level 10. HP: 78/81 MP: 12/12
  8411 | D:9      | Reached skill level 5 in Dodging
  8547 | D:9      | Reached *** piety under Makhleb
  8683 | D:9      | Reached skill level 11 in Axes
  9404 | D:10     | Entered Level 10 of the Dungeon
  9408 | D:10     | Noticed a deep elf pyromancer
  9679 | D:9      | Killed a deep elf pyromancer
  9680 | D:9      | Reached skill level 12 in Axes
  9708 | D:9      | HP: 2/81 [something (31)]
 10741 | D:10     | Noticed a wolf spider
 10745 | D:10     | Found a runed translucent door.
 10748 | D:10     | Found a runed translucent gate.
 10749 | D:10     | Found a runed translucent gate.
 10749 | D:10     | Noticed a wolf spider
 10757 | D:10     | Found a runed translucent gate.
 10759 | D:10     | Noticed a black mamba
 10759 | D:10     | Noticed a wolf spider
 10759 | D:10     | Noticed a black mamba
 10766 | D:10     | Found a runed translucent door.
 10773 | D:10     | Found the +9 staff of Olgreb {rPois∞}
 10818 | D:10     | Reached XP level 11. HP: 80/86 MP: 13/13
 10995 | D:10     | Reached skill level 13 in Axes
 11302 | D:10     | Killed a wolf spider
 11327 | D:10     | Killed a wolf spider
 11333 | D:10     | Killed a wolf spider
 11334 | D:10     | Reached skill level 14 in Axes
 11343 | D:10     | Reached **** piety under Makhleb
 11375 | D:10     | Paralysed by a hornet for 1 turns
 11510 | D:11     | Reached skill level 5 in Invocations
 11759 | D:11     | Found a transporter.
 11775 | D:11     | Found a transporter.
 11781 | D:11     | Found a transporter.
 11973 | D:11     | Reached XP level 12. HP: 75/101 MP: 16/16
 12006 | D:11     | Found a staircase to the Lair.
 12139 | D:11     | Found a transporter.
 12870 | D:12     | Found a staircase to the Orcish Mines.
 13155 | Lair:1   | Entered Level 1 of the Lair of Beasts
 13169 | D:11     | Reached skill level 5 in Evocations
 13340 | Lair:1   | Noticed Fannar
 13682 | Lair:1   | Killed Fannar
 13948 | Lair:1   | Noticed Nergalle
 13963 | Lair:1   | Killed Nergalle
 14251 | Lair:1   | Reached skill level 15 in Axes
 14527 | Lair:1   | Identified the +1 leather armour "Rinofem" {rN+}
 14806 | Lair:2   | Reached ***** piety under Makhleb
 14880 | Lair:2   | Found a staircase to the Shoals.
 14895 | Lair:2   | Gained mutation: You have a sharp stinger which inflicts
                  | weakening toxins. [demonic ancestry]
 14895 | Lair:2   | Reached XP level 13. HP: 74/107 MP: 17/17
 15223 | Lair:2   | Reached skill level 16 in Axes
 15916 | Lair:3   | Noticed Josephine
 15923 | Lair:2   | Josephine changed into Josephine the boulder beetle
 15923 | Lair:2   | Noticed Josephine
 15957 | Lair:2   | Killed Josephine the boulder beetle
 16662 | Lair:3   | Reached skill level 10 in Fighting
 16712 | Lair:3   | Found a staircase to the Snake Pit.
 17971 | Lair:4   | Found a viscous altar of Jiyva.
 17971 | Lair:4   | Found a staircase to the Slime Pits.
 19168 | Lair:5   | Entered Level 5 of the Lair of Beasts
 19232 | Lair:5   | Gained mutation: You sometimes gain a little power by
                  | taking damage. [demonic ancestry]
 19232 | Lair:5   | Reached XP level 14. HP: 126/126 MP: 18/18
 19891 | Lair:5   | Reached skill level 10 in Armour
 19983 | Lair:5   | Paralysed by a hornet for 3 turns
 20083 | Lair:5   | HP: 4/126 [death yak (18)]
 20433 | Lair:5   | Reached skill level 10 in Invocations
 20590 | Lair:5   | Found the +7 hand cannon "Mule" {flame, backblast, rF+}
 21635 | D:13     | Reached ****** piety under Makhleb
 21708 | D:13     | Reached skill level 17 in Axes
 21964 | D:13     | Reached skill level 1 in Shields
 22141 | D:13     | Found Potzea's Neck Hole.
 22689 | D:14     | Noticed Jorgrun
 22698 | D:14     | Killed Jorgrun
 22904 | D:14     | Found a gate to the Vaults.
 23325 | D:14     | Noticed Kirke
 23337 | D:14     | Killed Kirke
 23338 | D:14     | Reached skill level 5 in Shields
 23338 | D:14     | Reached XP level 15. HP: 132/132 MP: 22/22
 23575 | D:14     | Noticed Louise
 23601 | D:14     | Killed Louise
 23944 | D:15     | Entered Level 15 of the Dungeon
 24524 | D:15     | Found a staircase to the Depths.
 24908 | D:15     | Identified a scroll of acquirement
 24909 | D:15     | Acquired 793 gold pieces
 25015 | Orc:1    | Entered Level 1 of the Orcish Mines
 25091 | Orc:1    | Reached skill level 18 in Axes
 25461 | Orc:2    | Entered Level 2 of the Orcish Mines
 26152 | Orc:2    | Found a staircase to the Elven Halls.
 26401 | Orc:2    | Found Tidgh's Jewellery Emporium.
 26422 | Orc:2    | Found Epythiuri's Assorted Antiques.
 26442 | Orc:2    | Bought a potion of curing for 129 gold pieces
 26442 | Orc:2    | Bought a scroll of teleportation for 129 gold pieces
 26442 | Orc:2    | Bought a potion of curing for 129 gold pieces
 26442 | Orc:2    | Bought a bubbling inky potion for 38 gold pieces
 26748 | Orc:2    | Reached skill level 19 in Axes
 26849 | Orc:2    | Found Ebbaash's Jewellery Shoppe.
 26944 | Orc:2    | Found Yrotyc's Armour Shop.
 26964 | Orc:2    | Bought the +12 chain mail "Yffael" {Will+ Int+2 Stlth+} for
                  | 1177 gold pieces
 27135 | Orc:2    | Bought the ring "Rogha" {Ice rElec rPois} for 518 gold
                  | pieces
 27306 | Snake:1  | Entered Level 1 of the Snake Pit
 27443 | Snake:1  | Gained mutation: You are surrounded by a moderate repulsion
                  | field. (EV +3) [demonic ancestry]
 27443 | Snake:1  | Reached XP level 16. HP: 139/139 MP: 23/23
 28203 | Snake:2  | Reached skill level 20 in Axes
 29815 | Snake:2  | Reached skill level 10 in Shields
 30048 | Snake:3  | Noticed Aizul
 30062 | Snake:3  | Killed Aizul
 30399 | Snake:3  | Identified the +1 robe of the Abyss {rPois}
 30425 | Snake:3  | Gained mutation: You are surrounded by a strong repulsion
                  | field. (EV +4, RMsl) [demonic ancestry]
 30425 | Snake:3  | Reached XP level 17. HP: 110/146 MP: 26/26
 30884 | Snake:3  | Noticed Agnes
 30897 | Snake:3  | Killed Agnes
 31344 | Snake:4  | Entered Level 4 of the Snake Pit
 31479 | Snake:4  | Reached skill level 15 in Invocations
 32926 | Snake:4  | HP: 4/148 [salamander mystic/+0 quarterstaff (18)]
 32926 | Snake:4  | Constricted to death by a nagaraja

Illustrated notes

Levels and vault maps discovered:
D:1:      dpeg_arrival_chambers_temple_mockup, layout_basic,
          nicolae_twisty_statue_hallways
D:2:      layout_basic, hellmonk_ecumenical_altar_dog_temple,
          nicolae_kite_square_tiling_tiny, hangedman_abyss_or_decor_stabs,
          grunt_ministairs_2
D:3:      layout_rooms, nemelex_xobeh_ov_fountains_minmay, uniq_jessica
D:4:      layout_basic, serial_bayou_pond_c, nrook_uturn, minmay_puff
D:5:      cheibrodos_fzero, layout_loops_ring,
          nicolae_ru_great_annihilating_truth, grunt_temple_overflow_diamond
D:6:      layout_rooms, serial_shops, nicolae_shop_peninsula,
          nicolae_half_adder, uniq_crazy_yiuf_cottage
D:7:      layout_basic, gammafunk_temple_overflow_pools,
          minmay_temple_entry_overgrown, hellmonk_no_cap, uniq_joseph,
          uniq_menkaure, uniq_maggie
D:8:      layout_layer_cave, nicolae_qazlal_general_emergency,
          mainiacjoe_overflow_paths
D:9:      layout_basic, mainiacjoe_overflow_chevrons
D:10:     kennysheep_ambush_hall, layout_cave_pools,
          minmay_guarded_unrand_staff_of_olgreb
D:11:     layout_loops_ring, minmay_lair_entry_grove,
          hangedman_abyss_or_decor_stagger, nicolae_transporter_circle
D:12:     layout_small_grid, minmay_orc_entry_guard_dogs, st_stairs_8
D:13:     layout_long_grid, special_room [special_room_bee],
          nicolae_shop_sticking_my_neck_out
D:14:     layout_loops_corners, david_vaults_5, special_room [special_room_orc],
          grunt_decor_clamped, uniq_louise, uniq_jorgrun, uniq_kirke
D:15:     grunt_enter_depths_snipers, layout_basic, minmay_misc_feat_square
Lair:1:   layout_misc_corridors, columned_hall_lemuel, serial_bayou_ford_a,
          lemuel_fruit_tree, uniq_nergalle, uniq_fannar
Lair:2:   layout_cellular_growth, elwin_shoals_entry_stream, ldierk_geyser
Lair:3:   layout_layer_cave, guppyfry_snake_entry_island,
          nicolae_lair_liquid_snakes, uniq_josephine
Lair:4:   layout_big_grid, slime_entry_1, st_stairs_10, grunt_megastairs_2,
          infiniplex_staircase_pool
Lair:5:   minmay_lair_end_enchanted_forest, layout_long_grid,
          grunt_forest_small_clearing_treed
Snake:1:  layout_misc_corridors
Snake:2:  layout_chambers, nicolae_snake_salamander_zone,
          nicolae_triple_integral
Snake:3:  layout_misc_corridors, uniq_aizul, uniq_agnes
Snake:4:  grunt_snake_rune_serpentine_throne, layout_misc_corridors
Orc:1:    layout_caves
Orc:2:    pubby_orc_utopia

Skill      XL: |  1  2  3  4  5  6  7  8  9 10 11 12 13 14 15 16 17 |
---------------+----------------------------------------------------+-----
Throwing       | 1 2 |  2.0
Axes           | 2 3 4 5 6 8 10 12 14 15 16 17 19 20 | 20.0
Evocations     | 1 3 5 |  5.0
Armour         | 2 3 5 8 9 10 | 10.0
Fighting       | 5 8 12 | 12.5
Invocations    | 3 6 10 13 17 | 17.0
Dodging        | 4 5 |  5.0
Shields        | 5 6 10 | 10.0
Stealth        | |  4.5

Action                     |  1- 3 |  4- 6 |  7- 9 | 10-12 | 13-15 | 16-18 || total
---------------------------+-------+-------+-------+-------+-------+-------++-------
  Melee: War axe           |    20 |   177 |   308 |   774 |   971 |       ||  2250
         Tailslap          |       |    17 |    56 |   125 |   362 |   198 ||   758
         Punch             |       |     2 |     2 |    16 |    14 |       ||    34
         Broad axe         |       |       |       |       |   748 |   930 ||  1678
         Unarmed           |       |       |       |       |     1 |       ||     1
  Throw: Dart              |     5 |    11 |    10 |       |       |       ||    26
         Boomerang         |       |       |       |     9 |    23 |    21 ||    53
 Invoke: Lesser Servant of |       |       |       |    12 |    11 |     8 ||    31
         Minor Destruction |       |       |       |       |     2 |       ||     2
         Greater Servant o |       |       |       |       |       |     2 ||     2
  Evoke: Wand              |       |       |     4 |     4 |    20 |       ||    28
    Use: Scroll            |       |     3 |    14 |     2 |    20 |     6 ||    45
         Potion            |       |     2 |     4 |     5 |     1 |     1 ||    13
   Stab: Sleeping          |       |     5 |       |     1 |     2 |     3 ||    11
         Distracted        |       |     1 |       |     6 |     2 |    10 ||    19
         Paralysed         |       |     1 |    18 |       |       |       ||    19
         Invisible         |       |       |       |     1 |     4 |       ||     5
 Armour: Leather armour    |    11 |    16 |       |       |       |       ||    27
         Plate armour      |       |   124 |   306 |   570 |       |       ||  1000
         Ice dragon scales |       |       |       |    98 |  1027 |       ||  1125
         Chain mail        |       |       |       |       |    38 |   511 ||   549
  Dodge: Dodged            |    16 |    53 |   106 |   313 |   684 |   216 ||  1388
         Repelled          |       |       |       |       |       |    15 ||    15
  Block: Other             |     6 |    40 |    76 |   154 |   166 |       ||   442
         Reflection        |       |     1 |       |     9 |    31 |   126 ||   167
         Buckler           |       |       |       |       |   134 |       ||   134
         Tower shield      |       |       |       |       |   625 |  1072 ||  1697

Table legend: (Time is in decaauts)
 A = Elapsed time spent in this place.
 B = Non-inter-level travel time spent in this place.
 C = Inter-level travel time spent in this place.
 D = Time resting spent in this place.
 E = Time spent auto-exploring this place.
 F = Levels seen in this place.
 G = Mean time per level.
                   A        B        C        D        E       F      G
               +--------+--------+--------+--------+--------+-----+--------+
         Total |  32671 |  31028 |   1643 |   7629 |  15630 |  26 | 1256.6 |
       Dungeon |  17408 |  16441 |    967 |   4127 |   8463 |  15 | 1160.5 |
          Lair |   7457 |   7090 |    367 |   2143 |   3563 |   5 | 1491.4 |
     Snake Pit |   5605 |   5451 |    154 |   1315 |   2338 |   4 | 1401.2 |
  Orcish Mines |   2200 |   2046 |    154 |     44 |   1265 |   2 | 1100.0 |
               +--------+--------+--------+--------+--------+-----+--------+

Top non-repeatable levels by time:
     D:9: 2101 daAuts
  Lair:5: 1797 daAuts
 Snake:2: 1794 daAuts
     D:8: 1700 daAuts
   Orc:2: 1622 daAuts
  Lair:3: 1598 daAuts
 Snake:4: 1568 daAuts
  Lair:4: 1486 daAuts
     D:5: 1477 daAuts
    D:14: 1472 daAuts
 Snake:3: 1335 daAuts
    D:11: 1325 daAuts
  Lair:2: 1314 daAuts
  Lair:1: 1260 daAuts
    D:13: 1236 daAuts
